 Dungeon Crawl Stone Soup version 0.20-a0-270-g8e735b6 (webtiles) character file.

290 tsouns the Vexing (level 6, -1/46 HPs)
             Began as a Demonspawn Wanderer on Dec 10, 2016.
             Killed by nerve-wracking pain
             ... invoked by Menkaure
              (2 damage)
             ... on level 4 of the Dungeon.
             The game lasted 00:10:04 (2813 turns).

tsouns the Vexing (Demonspawn Wanderer)             Turns: 2813, Time: 00:10:05

Health: -1/46      AC:  8    Str: 13    XL:     6   Next: 9%
Magic:  7/7        EV: 11    Int: 15    God:
Gold:   167        SH:  9    Dex: 12    Spells: 0/6 levels left

rFire  . . .     SeeInvis .     c - +0 mace
rCold  . . .     Gourm    .     d - +0 robe
rNeg   . . .     Faith    .     m - +0 buckler
rPois  .         Spirit   .     u - +2 hat
rElec  .         Reflect  +     (no cloak)
rCorr  .         Harm     .     h - +0 pair of gloves
MR     .....                    (no boots)
Stlth  +++.......               l - +5 amulet of reflection
                                (no ring)
                                (no ring)

@: no status effects
A: hooves 1, slimy green scales 2, nightstalker 1
a: no special abilities


You were on level 4 of the Dungeon.
You were not hungry.

You visited 1 branch of the dungeon, and saw 4 of its levels.

You collected 167 gold pieces.

Inventory:

Hand Weapons
 b - a +0 hand axe
 c - a +0 mace (weapon)
 n - a +2 dagger of venom
Missiles
 g - 88 stones (quivered)
Armour
 d - a +0 robe (worn)
 h - a +0 pair of gloves (worn)
 m - a +0 buckler (worn)
 u - a +2 hat (worn)
Jewellery
 l - a +5 amulet of reflection (around neck)
Scrolls
 e - a scroll of fog
 j - a scroll of random uselessness
 o - 3 scrolls of remove curse
Potions
 i - a potion of ambrosia {unknown}
 k - a potion of cancellation
 p - a potion of flight {unknown}
 t - a potion of resistance
Books
 a - a book of Maledictions

   Spells                             Type                      Level
   a - Corona                         Hexes                        1
   b - Ensorcelled Hibernation        Hexes/Ice                    2
   c - Confuse                        Hexes                        3
   d - Tukima's Dance                 Hexes                        3
   e - Dazzling Spray                 Conjuration/Hexes            3
Comestibles
 f - 3 bread rations
 q - a meat ration
 s - 2 fruits


   Skills:
 + Level 2.9 Fighting
 * Level 2.4 Short Blades
 - Level 2.9 Maces & Flails
 + Level 2.8 Stealth
 - Level 2.7 Shields
 - Level 0.6 Spellcasting
 - Level 3.0 Hexes
   Level 1.7 Transmutations


You couldn't memorise any spells.
You knew the following spells:

 Your Spells              Type           Power        Failure   Level  Hunger
a - Corona                Hex            #......      10%         1    ##.....
b - Ensorcelled Hibernat  Hex/Ice        #.....       24%         2    ###....
c - Confuse               Hex            #.......     28%         3    ####...


Dungeon Overview and Level Annotations

Branches:
Dungeon (4/15)
 Temple: D:4-7

Altars:
Xom

Annotations:
D:4 Menkaure


Innate Abilities, Weirdness & Mutations

You have large cloven feet.
You are mostly covered in slimy green scales. (AC +3)
You are slightly more attuned to the shadows.


Message History

You barely miss Menkaure. You kick Menkaure, but do no damage.
Menkaure is almost destroyed.
Menkaure closely misses you.
You hit Menkaure but do no damage.
Menkaure is almost destroyed.
Menkaure murmurs, "Let me perform the rites..."
You block Menkaure's attack. Menkaure hits you!
* * * LOW HITPOINT WARNING * * *
You barely miss Menkaure.
Menkaure is almost destroyed.
Menkaure hits you.
* * * LOW HITPOINT WARNING * * *
It was a potion of cancellation.
You feel magically purged.
Menkaure calls on the powers of darkness!
You feel a surge of unholy energy. You block Menkaure's attack.
You hit Menkaure.
Menkaure is almost destroyed.
Menkaure points at you and mumbles some strange words.
Pain shoots through your body!
You die...

#.##..#.###.####
#.......###.#
####........
##.####### #...##
#.#<.# #######
#....# #.....#
########.###.....#
#.M@.......#.....#
#.###.#..#.#.....#
#.##.....#.#.....#
#.##..#.##.......#
#.##..#.##.###.#.#
#..........# .#.#
####M#####.## .. .
#####.#....... ...
# ....>.........#
.#


You could see Menkaure.

Vanquished Creatures
  The ghost of TotoDurand the Slasher, an amateur VSFi (D:4)
  2 orc wizards (D:3)
  5 adders
  3 worms
  A leopard gecko (D:3)
  5 orcs (D:3)
  6 bats
  2 giant cockroaches
  8 goblins
  10 hobgoblins
  5 quokkas
  2 ball pythons
  4 frilled lizards
  7 kobolds
  7 rats
68 creatures vanquished.

Vanquished Creatures (others)
  A goblin (D:2)
1 creature vanquished.

Grand Total: 69 creatures vanquished

Notes
Turn   | Place    | Note
-------+----------+-------------------------------------------
     0 | D:1      | tsouns the Demonspawn Wanderer began the quest for the Orb.
     0 | D:1      | tsouns set off with: a book of Maledictions, a +0 hand axe, a +0 mace, a +0 robe, a bread ration
     0 | D:1      | Reached XP level 1. HP: 13/13 MP: 1/1
   275 | D:1      | You fall through a shaft!
   582 | D:1      | Gained mutation: You are slightly more attuned to the shadows. [demonic ancestry]
   582 | D:1      | Reached XP level 2. HP: 20/20 MP: 3/3
   678 | D:1      | Learned a level 1 spell: Corona
   688 | D:1      | Reached skill level 1 in Fighting
   969 | D:1      | Found a shimmering altar of Xom.
  1809 | D:2      | Reached skill level 1 in Stealth
  1809 | D:2      | Gained mutation: You are partially covered in slimy green scales. (AC +2) [demonic ancestry]
  1809 | D:2      | Reached XP level 3. HP: 25/26 MP: 4/4
  1821 | D:2      | Learned a level 2 spell: Ensorcelled Hibernation
  2153 | D:3      | Reached XP level 4. HP: 28/33 MP: 5/5
  2248 | D:3      | Gained mutation: You have large cloven feet. [demonic ancestry]
  2248 | D:3      | Reached XP level 5. HP: 37/38 MP: 6/6
  2353 | D:3      | Reached skill level 1 in Short Blades
  2736 | D:4      | Noticed TotoDurand's ghost (amateur VSFi)
  2760 | D:4      | Killed TotoDurand's ghost
  2760 | D:4      | Gained mutation: You are mostly covered in slimy green scales. (AC +3) [demonic ancestry]
  2760 | D:4      | Reached XP level 6. HP: 29/46 MP: 7/7
  2765 | D:4      | Learned a level 3 spell: Confuse
  2783 | D:4      | Noticed Menkaure
  2802 | D:4      | HP: 2/46 [Menkaure (8)]
  2811 | D:4      | HP: 1/46 [Menkaure (3)]
  2813 | D:4      | Killed from afar by Menkaure

Vault maps used:
D:1:      minmay_arrival_four_houses, xom_teletrap_fun
D:2:      minmay_diamond_boxcup
D:4:      first_bread, grunt_decor_cap, minivault_23, uniq_menkaure, uniq_pikel

Skill      XL: |  1  2  3  4  5 |
---------------+----------------+-----
Fighting       | 1 2 |  2.9
Shields        | 2 |  2.7
Stealth        | 1 2 |  2.8
Short Blades   | 2 |  2.4
Maces & Flails | |  2.9
Spellcasting   | |  0.6
Hexes          | |  3.0
Transmutations | |  1.7

Action                   |  1- 3 |  4- 6 || total
-------------------------+-------+-------++-------
Melee: Mace              |    40 |    26 ||    66
       Dagger            |    74 |   104 ||   178
       Kick              |       |    26 ||    26
Throw: Stone             |     2 |       ||     2
 Cast: Corona            |     1 |     2 ||     3
  Use: Scroll            |    10 |       ||    10
       Potion            |     1 |     2 ||     3
 Stab: Sleeping          |     4 |     2 ||     6
  Eat: Chunk             |     4 |     2 ||     6
Armor: Robe              |    22 |    22 ||    44
Dodge: Dodged            |    59 |    33 ||    92
Block: Buckler           |    23 |    46 ||    69
       Reflection        |     1 |       ||     1
